 Dungeon Sprint DCSS version 0.16-a0-3803-gd4b2de5 (webtiles) character file.

160 PolkaDot the Cruncher (level 5, -2/35 HPs)
             Began as a Vampire Summoner on Jan 26, 2015.
             Was a Follower of Sif Muna.
             Slain by a jumping spider (3 damage)
             ... in the Dungeon (Sprint V: "Ziggurat Sprint").
             The game lasted 00:02:59 (351 turns).

PolkaDot the Cruncher (Vampire Summoner)             Turns: 351, Time: 00:02:59

Health: -2/35      AC:  6    Str:  7    XL:     5   Next: 17%
Magic:  16/19      EV: 12    Int: 24    God:    Sif Muna [*.....]
Gold:   0          SH:  0    Dex: 14    Spells: 3 memorised, 6 levels left

rFire  . . .     SeeInvis +     G - +6 Majin-Bo {vamp, Archmagi MP+6 Int+6}
rCold  + . .     Clarity  .     c - +3 leather armour {rC+}
rNeg   . . .     SustAb   .     (no shield)
rPois  .         Gourm    .     (no helmet)
rElec  .         Spirit   .     (no cloak)
rCorr  .         Warding  .     (no gloves)
rMut   .         NoTele   +     (no boots)
MR     .....                    (no amulet)
Stlth  ++........               (no ring)
                                (no ring)

@: regenerating quickly, not resistant to hostile enchantments, unstealthy
A: bottle blood, fangs 3, see invisible, unbreathing
a: Channel Energy, Renounce Religion


You were in the Dungeon.
You worshipped Sif Muna.
Sif Muna was aware of your devotion.
You were full.

You visited 1 branch

Inventory:

Hand weapons
 G - the +6 Majin-Bo (weapon) {vamp, Archmagi MP+6 Int+6}
   (You found it in the Dungeon)

   It inflicts no extra harm, but heals its wielder somewhat when it strikes a
   living foe.
   It affects your intelligence (+6).
   It affects your magic capacity (+6).
Armour
 c - a +3 leather armour of cold resistance (worn)
Jewellery
 A - a +6 ring of dexterity
 B - a +6 ring of dexterity
 C - a +6 ring of intelligence
 D - a +6 ring of intelligence
 E - a +6 ring of strength
 F - a +6 ring of strength
Magical devices
 w - a wand of disintegration (7)
 x - a wand of fire (5)
 y - a wand of cold (5)
 z - a wand of draining (5)
Scrolls
 i - 4 scrolls of blinking
 q - 4 scrolls of amnesia
 r - 3 scrolls of recharging
 s - 7 scrolls of fog
 t - 5 scrolls of identify
 u - 5 scrolls of remove curse
 v - 2 scrolls of fear
Potions
 d - 10 potions of curing
 e - 9 potions of heal wounds
 f - 6 potions of haste
 g - 7 potions of magic
 h - 3 potions of berserk rage
 j - 2 potions of brilliance
 k - 2 potions of invisibility
 l - 2 potions of restore abilities
 m - 4 potions of resistance
 o - 5 potions of agility
 p - 5 potions of might
Books
 b - a book of Callings

   Spells                             Type                      Level
   a - Summon Small Mammal            Summoning                    1
   b - Call Imp                       Summoning                    2
   c - Call Canine Familiar           Summoning                    3
   d - Summon Guardian Golem          Hexes/Summoning              4
   e - Summon Lightning Spire         Summoning/Air                4
   f - Summon Ice Beast               Ice/Summoning                4
 n - Unexzonk's Almanac of Darkness and Companions
   (You found it in the Dungeon)

   Spells                             Type                      Level
   a - Sublimation of Blood           Necromancy                   2
   b - Summon Forest                  Summoning/Translocation      5
   c - Death Channel                  Necromancy                   6
   d - Summon Hydra                   Summoning                    7
Miscellaneous
 a - a phantom mirror


   Skills:
 * Level 8.1 Staves
 - Level 2.1 Dodging
 - Level 3.0 Stealth
 + Level 4.4 Spellcasting
 + Level 6.0 Summonings


You had 6 spell levels left.
You knew the following spells:

 Your Spells              Type           Power        Failure   Level  Hunger
d - Call Canine Familiar  Summ           ######..     3%          3    ##.....
s - Call Imp              Summ           ######..     1%          2    None
z - Summon Small Mammal   Summ           ####         1%          1    None


Dungeon Overview and Level Annotations

Branches:
Dungeon (1/1)

Altars:
Ashenzari
Cheibriados
Dithmenos
Elyvilon
Fedhas
Gozag
Kikubaaqudgha
Makhleb
Nemelex Xobeh
Okawaru
Qazlal
Ru
Sif Muna
Trog
Vehumet
Xom
Yredelemnul
Zin
The Shining One
Beogh
Jiyva
Lugonu


Innate Abilities, Weirdness & Mutations

Your natural rate of healing is unusually fast.
You can bottle blood from corpses.
You have razor-sharp teeth.
You have supernaturally acute eyesight.
You can survive without breathing.


Message History

You feel much better.
The jumping spider pounces on you but does no damage.
The jumping spider misses you. The scorpion stings you.
* * * LOW HITPOINT WARNING * * *
The scorpion stings you.
* * * LOW HITPOINT WARNING * * *
Casting: Call Imp
Confirm with . or Enter, or press ? or * to list all spells.
You feel a surge of power!
* * * LOW HITPOINT WARNING * * *
The jumping spider leaps!
The scorpion completely misses you. The scorpion stings you.
* * * LOW HITPOINT WARNING * * *
The jumping spider barely misses you. The jumping spider closely misses you.
You hit the jumping spider.
You feel better.
The jumping spider is lightly wounded.
The jumping spider pounces on you!
* * * LOW HITPOINT WARNING * * *
The jumping spider bites you.
You die...

▓▓▓▓▓▓▓▓▓▓▓▓▓▓▓▓▓▓▓
▓.8©8.▓.8©8.▓.8©8.▓
▓.)").▓.5.[.▓.5...▓
▓..=..▓.....▓.).5.▓
▓.sss.▓.....▓.....▓
▓..@..▓.....▓.....▓
▓..sh.▓.....▓.....▓
▓.....▓.....▓▓▓▓▓▓▓
▓▓▓▓▓▓▓▓▓▓▓▓▓


You could see a jumping spider, 3 scorpions and a friendly wolf.

Vanquished Creatures
  A necrophage (D)
  A sheep (D)
2 creatures vanquished.

Vanquished Creatures (collateral kills)
  A phantom (D)
  A ball python skeleton (D)
  A jackal (D)
3 creatures vanquished.

Vanquished Creatures (others)
  A white imp (D)
1 creature vanquished.

Grand Total: 6 creatures vanquished

Notes
Turn   | Place    | Note
--------------------------------------------------------------
     0 | D        | PolkaDot, the Vampire Summoner, began the quest for the Orb.
     0 | D        | Reached XP level 1. HP: 13/13 MP: 3/3
     0 | D        | Found a corrupted altar of Lugonu.
     0 | D        | Found a viscous altar of Jiyva.
     0 | D        | Found a white marble altar of Elyvilon.
     0 | D        | Found a burning altar of Makhleb.
     0 | D        | Found an iron altar of Okawaru.
     2 | D        | Found a sparkling altar of Nemelex Xobeh.
     2 | D        | Found a basalt altar of Yredelemnul.
     2 | D        | Found a deep blue altar of Sif Muna.
     2 | D        | Found a radiant altar of Vehumet.
     6 | D        | Found a bloodstained altar of Trog.
    19 | D        | Became a worshipper of Sif Muna the Loreminder
    23 | D        | Found a shimmering altar of Xom.
    25 | D        | Reached skill level 6 in Staves
    25 | D        | Reached XP level 2. HP: 19/19 MP: 3/4
    29 | D        | Learned a level 2 spell: Call Imp
    76 | D        | Entered arena 1.
   153 | D        | Entered arena 2.
   153 | D        | Noticed a necrophage
   153 | D        | Noticed a phantom
   162 | D        | Killed a necrophage
   162 | D        | Reached skill level 7 in Staves
   162 | D        | Reached skill level 5 in Summonings
   162 | D        | Reached XP level 3. HP: 12/24 MP: 5/8
   162 | D        | Reached XP level 4. HP: 15/30 MP: 5/10
   185 | D        | Killed a phantom
   185 | D        | Acquired Sif Muna's first power
   185 | D        | Reached skill level 8 in Staves
   185 | D        | Reached XP level 5. HP: 8/35 MP: 4/13
   336 | D        | Identified Unexzonk's Almanac of Darkness and Companions (You found it in the Dungeon)
   336 | D        | Identified Unexzonk's Almanac of Darkness and Companions (You found it in the Dungeon)
   342 | D        | Learned a level 3 spell: Call Canine Familiar
   342 | D        | Entered arena 3.
   342 | D        | Noticed a scorpion
   342 | D        | Noticed a scorpion
   342 | D        | Noticed a jumping spider
   342 | D        | Noticed a scorpion
   351 | D        | HP: 1/35 [jumping spider (12)]
   351 | D        | Slain by a jumping spider

Action                   |  1- 3 |  4- 6 || total
-------------------------+-------+-------++-------
Melee: Quarterstaff      |     8 |    10 ||    18
 Cast: Call Imp          |     6 |     2 ||     8
       Call Canine Famil |       |     1 ||     1
  Use: Potion            |     1 |     2 ||     3
  Eat: Corpse            |     2 |       ||     2
